 Dungeon Crawl Stone Soup version 0.30.1-3-gfc49f6343a (webtiles) character file.

Game seed: 1747979975553510739

72978 spardeous the Protected (level 14, -1/124 HPs)
             Began as a Demigod Conjurer on July 29, 2023.
             Succumbed to a swamp dragon's poison gas
             ... on level 1 of the Swamp.
             The game lasted 01:24:56 (25836 turns).

spardeous the Protected (Demigod Conjurer)         Turns: 25836, Time: 01:24:57

Health: -1/124     AC: 25    Str: 12    XL:     14   Next: 60%
Magic:  20/41      EV: 15    Int: 32    God:
Gold:   2748       SH:  0    Dex:  9    Spells: 16/33 levels left

rFire   . . .        s - staff of conjuration
rCold   + + +        r - orb {*channel}
rNeg    . . .        W - +10 ring mail of the Flute {rCorr}
rPois   .            (helmet restricted)
rElec   .            d - +1 cloak "Dakah" {rC+++ rCorr Dex-3}
rCorr   +            A - +2 pair of gloves
SInv    .            K - +1 pair of boots {Stlth+}
Will    ++...        (no amulet)
Stlth   ++           k - ring of Qubru {Will+ EV+5}
HPRegen 0.40/turn    B - ring of magical power
MPRegen 0.27/turn

%: random rage (3%), channel magic (20%)
@: lethally poisoned (-1 -> -14), attractive, studying Armour
A: high MP 1, forlorn, divine attributes, antennae 1, berserk 1, robust 1
a: no special abilities


You were on level 1 of the Swamp.
You visited 4 branches of the dungeon, and saw 19 of its levels.
You also visited: Sewer, Bailey and Ice Cave.

You collected 4317 gold pieces.
You spent 1569 gold pieces at shops.

Inventory:

Hand Weapons
 Y - a +2 longbow of flaming
Armour
 d - the +1 cloak "Dakah" (worn) {rC+++ rCorr Dex-3}
   (You acquired it on level 4 of the Dungeon)

   Dex:       It affects your dexterity (-3).
   rC:        It renders you almost immune to cold.
   rCorr:     It protects you from acid and corrosion.
 r - an orb of energy (worn)
 x - a +0 troll leather armour {Pargi}
 z - a +0 kite shield of reflection
 A - a +2 pair of gloves (worn)
 F - a +2 helmet
 K - a +1 pair of boots of stealth (worn)
 U - a +2 pair of boots
 W - the +10 ring mail of the Flute (worn) {rCorr}
   (You found it on level 5 of the Lair of Beasts)

   rCorr:     It protects you from acid and corrosion.
Magical Staves
 s - a staff of conjuration (weapon)
 P - the staff of conjuration "Vicym" {rF- Will++ Int+2 Stlth+}
   (You found it on level 3 of the Lair of Beasts)

   [staff of conjuration]

   Base accuracy: +5 Base damage: 5 Base attack delay: 1.2 This weapon's minimum
   attack delay (0.6) is reached at skill level 12.
   Int:       It affects your intelligence (+2).
   rF:        It makes you vulnerable to fire.
   Will:      It greatly increases your willpower.
   Stlth:     It makes you more stealthy.
   It falls into the 'Staves' category.
   It is a one-handed weapon.
Jewellery
 c - a ring of poison resistance
 k - the ring of Qubru (left hand) {Will+ EV+5}
   (You found it on level 4 of the Lair of Beasts)

   [ring of evasion]

   EV:        It affects your evasion (+5).
   Will:      It increases your willpower.
 B - a ring of magical power (right hand)
 R - a ring of see invisible
 S - a +6 ring of dexterity
 Z - a ring of wizardry
Wands
 j - a wand of roots (7)
 n - a wand of flame (49)
 N - a wand of light (24)
Scrolls
 a - 4 scrolls of amnesia
 f - a scroll of acquirement
 l - 4 scrolls of fear {unknown}
 m - 7 scrolls of teleportation
 t - 3 scrolls of vulnerability {unknown}
 u - 5 scrolls of fog {unknown}
 v - 4 scrolls of butterflies {unknown}
 y - a scroll of enchant weapon
 C - 4 scrolls of blinking
 D - 4 scrolls of silence
 G - 5 scrolls of poison
 I - 2 scrolls of immolation
 M - 2 scrolls of brand weapon
 V - a scroll of noise
Potions
 b - 2 potions of magic
 e - 3 potions of flight
 g - 8 potions of brilliance
 h - 10 potions of haste
 i - 4 potions of resistance
 p - 3 potions of invisibility
 q - 7 potions of curing
 w - 2 potions of might
 E - 8 potions of ambrosia
 H - 3 potions of attraction
 O - a potion of berserk rage
Miscellaneous
 L - a box of beasts
 T - a phial of floods
 X - a condenser vane


   Skills:
 - Level 7.6 Fighting
 - Level 10.3 Armour
 - Level 1.7 Dodging
 - Level 1.7 Stealth
 + Level 5.6 Shields
 - Level 10.1 Spellcasting
 - Level 10.0 Conjurations
 - Level 9.1 Necromancy
 - Level 9.1 Translocations
 - Level 5.3 Transmutations
 - Level 9.1 Earth Magic


You had 16 spell levels left.
You knew the following spells:

 Your Spells              Type           Power      Damage    Failure   Level
a - Magic Dart            Conj           100%       1d8       1%          1
b - Searing Ray           Conj           100%       2d8       1%          2
c - Iskenderun's Mystic   Conj/Tloc      86%        2d17      5%          4
d - Irradiate             Conj/Tmut      39%        3d24      19%         5
e - Borgnjor's Vile Clut  Necr/Erth      33%        N/A       12%         5

Your spell library contained the following spells:

 Spells                   Type           Power      Damage    Failure   Level
 Apportation              Tloc           100%       N/A       1%          1
 Necrotise                Necr           100%       1d9       1%          1
 Lesser Beckoning         Tloc           100%       N/A       2%          2
 Gell's Gravitas          Tloc           66%        N/A       3%          3
 Teleport Other           Tloc           66%        N/A       3%          3
 Shock                    Conj/Air       100%       1d9       4%          1
 Animate Dead             Necr           66%        N/A       6%          4
 Manifold Assault         Tloc           66%        N/A       6%          4
 Passage of Golubria      Tloc           66%        N/A       6%          4
 Sting                    Tmut/Pois      100%       1d8       8%          1
 Dazzling Flash           Conj/Hex       100%       N/A       9%          3
 Hailstorm                Conj/Ice       64%        3d14      9%          3
 Cigotuvi's Dreadful Rot  Necr/Pois/Air  70%        N/A       10%         2
 Freeze                   Ice            64%        1d7       17%         1
 Summon Small Mammal      Summ           64%        N/A       17%         1
 Fulminant Prism          Conj/Hex       32%        3d15      21%         4
 Frozen Ramparts          Ice            32%        1d5       36%         3
 Swiftness                Air            16%        N/A       36%         3
 Death Channel            Necr           33%        N/A       41%         6
 Dispersal                Tloc           33%        N/A       41%         6
 Summon Forest            Summ/Tloc      22%        N/A       45%         5
 Alistair's Intoxication  Tmut/Pois      22%        N/A       69%         5
 Airstrike                Air            8%         2d(2-18)  71%         4
 Cause Fear               Hex            8%         N/A       71%         4
 Summon Mana Viper        Hex/Summ       16%        N/A       95%         5
 Summon Cactus Giant      Summ           8%         N/A       100%        6
 Dragon Form              Tmut           25%        N/A       100%        7
 Dragon's Call            Summ           8%         N/A       100%        9


Dungeon Overview and Level Annotations

Branches:
Dungeon (11/15)            Temple (0/1) D:5            Lair (5/5) D:10
  Swamp (1/4) Lair:3       Spider (0/4) Lair:2        Slime (0/5) Lair:5
    Orc (2/2) D:9             Elf (0/3) Orc:2         Sewer (visited)
 Bailey (visited)           IceCv (visited)

Shops:
D:9 [   D:10 [==(*   Orc:1 :   Orc:2 [([[*

Portals:
Trove: D:11 (give 17 potions of curing)


Innate Abilities, Weirdness & Mutations

You have an increased reservoir of magic. (+10% MP)
You shall have no god before yourself.
Your divine heritage dramatically boosts your attributes as you level up.
You have a pair of small antennae on your head.
You sometimes lose your temper in combat.
You are robust. (+10% HP)


Message History

Casting: Borgnjor's Vile Clutch (dangerous; 12% risk of failure)
Confirm with . or Enter, or press ? or * to list all spells.
You can't see any susceptible monsters within range! (Use Z to cast anyway.) Unknown command.
You enter the shallow water.
Moving in this stuff is going to be slow.
You are engulfed in poison gas.
You are more poisoned.
* * * LOW HITPOINT WARNING * * *
The zombie hands constrict the swamp dragon!
* * * LOW HITPOINT WARNING * * *
You feel extremely sick.
The swamp dragon escapes!
You take 9 damage, and have 29/124 hp.
You are engulfed in poison gas.
You are lethally poisoned!
* * * LOW HITPOINT WARNING * * *
x2 You feel extremely sick.
You take 13 damage, and have 16/124 hp.
You feel much better.
You are engulfed in poison gas.
You are lethally poisoned!
* * * LOW HITPOINT WARNING * * *
x2 You feel extremely sick.
You take 6 damage, and have 10/124 hp.
Unknown command.
Casting: Borgnjor's Vile Clutch (dangerous; 12% risk of failure)
Confirm with . or Enter, or press ? or * to list all spells.
Aiming: Borgnjor's Vile Clutch (dangerous; 12% risk of failure)
Press: ? - help, Shift-Dir - straight line, f/p - swamp dragon
Aim: a swamp dragon (heavily wounded, 100% to hit)
Okay, then.
It was a potion of curing.
You feel better.
You are engulfed in poison gas.
You are lethally poisoned!
* * * LOW HITPOINT WARNING * * *
x2 You feel very sick.
You take 9 damage, and have 1/124 hp.
Unknown command.
It was a potion of attraction.
You feel attractive to monsters.
You die...

.~~...♣
~....♣
♣...§♣
♣....♣♣
♣♣.°~~~♣
♣°♣.♣°♣
~~♣~. ♣°D°~♣
..~.♣ ♣♣°~♣♣
♣.~.♣ ♣@°♣
♣♣.i. ♣.○♣
.... ♣~~♣
..♣♣ ♣..♣
♣..♣ ♣.~♣
♣♣..♣ ♣.~♣
♣♣♣♣.~~♣♣
♣..♣
♣♣.♣♣..~.♣
♣♣.♣
♣..§.~~..♣♣
♣.♣
♣♣.)..♣♣.~♣♣


You could see a swamp dragon.

Vanquished Creatures
  A thorn hunter (Swamp:1)
  Donald (Orc:2)
  A fenstrider witch (Swamp:1)
  2 orc warlords
  Azrael (Orc:2)
  A bunyip (Swamp:1)
  Josephine (Lair:4)
  4 hydras
  2 vault guards (Bailey)
  A ghost crab (Swamp:1)
  2 boulder beetles
  6 two-headed ogres
  Urug (Lair:4)
  A catoblepas (Lair:3)
  3 death yaks (Lair:3)
  2 orc high priests
  3 skysharks
  A swamp dragon (Swamp:1)
  A death drake (Swamp:1)
  3 goliath frogs
  4 lindwurms (Lair:3)
  A bog body (Lair:3)
  2 orc knights (Orc:2)
  An ugly thing (IceCv)
  3 orc sorcerers
  2 cyclopes
  3 elephants (Lair:3)
  2 black mambas (Lair:3)
  9 centaur zombies (D:10)
  3 ice statues (IceCv)
  15 cane toads
  2 rime drakes (Lair:2)
  A kobold demonologist (D:10)
  9 komodo dragons
  An unseen horror zombie (D:10)
  An anaconda simulacrum (IceCv)
  A freezing wraith (IceCv)
  A queen bee (D:10)
  7 trolls
  A meliai (Lair:2)
  2 hornets
  Prince Ribbit (Bailey)
  2 tyrant leeches
  36 blink frogs
  A dream sheep (shapeshifter) (D:11)
  5 wraiths
  A spriggan (Swamp:1)
  A shadow (D:10)
  A vampire (D:11)
  4 wyverns
  23 yaks
  A fire elemental (Orc:2)
  8 humans
  2 basilisks
  A swamp worm (Swamp:1)
  5 vampire mosquitoes (Lair:5)
  An acid dragon (D:10)
  A harpy simulacrum (IceCv)
  2 wargs
  7 hell hounds (Orc:2)
  7 water moccasins
  A black bear (D:5)
  Pargi (Sewer)
  31 orc warriors
  The ghost of Waters the Poker, an amateur MiBe of Trog (D:3)
  3 sky beasts
  12 ogres
  6 wolves (Lair:3)
  7 centaurs
  2 kobold brigands
  3 phantoms
  24 bullfrogs
  A gnoll sergeant (D:11)
  A scorpion (D:4)
  A cane toad simulacrum (IceCv)
  16 wights
  2 elephant simulacra (IceCv)
  26 killer bees
  12 electric eels
  2 howler monkeys
  A jelly (D:6)
  2 lava snakes (Lair:4)
  2 hounds
  A gnoll bouda (Orc:1)
  14 orc priests
  A sleepcap (D:8)
  2 iguanas
  25 orc wizards
  A polar bear simulacrum (IceCv)
  2 wolf simulacra (IceCv)
  12 gnolls
  7 adders
  A river rat (D:3)
  A shadow imp (D:8)
  3 worms
  82 orcs
  5 bats
  2 endoplasms
  7 giant cockroaches
  11 goblins
  8 hobgoblins
  10 jackals
  3 quokkas
  8 ball pythons
  10 frilled lizards
  14 kobolds
  7 rats
613 creatures vanquished.

Vanquished Creatures (others)
  An unseen horror (D:11)
  An orc wizard (D:7)
  An orc (Orc:2)
3 creatures vanquished.

Grand Total: 616 creatures vanquished

Notes
Turn   | Place    | Note
-------+----------+-------------------------------------------
     0 | D:1      | spardeous the Demigod Conjurer began the quest for the Orb.
     0 | D:1      | Reached XP level 1. HP: 14/14 MP: 5/5
   576 | D:1      | Reached XP level 2. HP: 20/20 MP: 2/7
  1389 | D:2      | Learned a level 2 spell: Searing Ray
  1701 | D:2      | Reached XP level 3. HP: 26/26 MP: 3/8
  2548 | D:3      | Found a runed translucent door.
  2551 | D:3      | Noticed Waters's ghost (amateur MiBe)
  2650 | D:3      | Found a glowing drain.
  2656 | D:3      | Reached XP level 4. HP: 32/33 MP: 2/10
  2662 | Sewer    | Entered a sewer
  2742 | Sewer    | Noticed Pargi
  2752 | Sewer    | Killed Pargi
  2753 | Sewer    | Reached XP level 5. HP: 18/38 MP: 2/13
  3690 | D:4      | Reached XP level 6. HP: 36/45 MP: 7/16
  3778 | D:4      | Reached skill level 5 in Spellcasting
  4598 | D:4      | Identified a scroll of acquirement
  4601 | D:4      | Acquired the +1 cloak "Dakah" {rC+++ rCorr Dex-3}
  4670 | D:5      | Entered Level 5 of the Dungeon
  4768 | D:5      | Reached XP level 7. HP: 26/50 MP: 20/20
  4910 | D:5      | Found a staircase to the Ecumenical Temple.
  5322 | D:3      | Killed Waters's ghost
  5364 | D:3      | Learned a level 4 spell: Iskenderun's Mystic Blast
  5459 | D:6      | Noticed a yak
  5460 | D:6      | Noticed a yak
  5460 | D:6      | Noticed a yak
  5460 | D:6      | Noticed a yak
  5471 | D:6      | Killed a yak
  5476 | D:6      | Killed a yak
  5476 | D:6      | Killed a yak
  5477 | D:6      | Reached XP level 8. HP: 57/66 MP: 20/23
  5486 | D:6      | Reached skill level 5 in Fighting
  6634 | D:7      | Reached XP level 9. HP: 79/79 MP: 24/24
  6667 | D:7      | Reached skill level 5 in Conjurations
  7409 | D:8      | Noticed an Executioner
  8023 | D:8      | Reached skill level 1 in Armour
  8157 | D:8      | Noticed an angel
  8658 | D:9      | Noticed a two-headed ogre
  8671 | D:9      | Killed a two-headed ogre
  8672 | D:9      | Reached XP level 10. HP: 79/86 MP: 21/25
  8718 | D:9      | Found a flagged portal.
  8774 | Bailey   | Entered a bailey
  8844 | Bailey   | Reached skill level 1 in Translocations
  9174 | Bailey   | Noticed Prince Ribbit
  9174 | Bailey   | Noticed a vault guard
  9194 | Bailey   | Killed Prince Ribbit
  9215 | Bailey   | Killed a vault guard
  9216 | Bailey   | Reached skill level 5 in Translocations
  9406 | Bailey   | Noticed a vault guard
  9422 | Bailey   | Killed a vault guard
  9714 | D:9      | Found Rihic's Armour Shoppe.
  9715 | D:9      | Noticed a two-headed ogre
  9736 | D:9      | Killed a two-headed ogre
  9848 | D:9      | Found a staircase to the Orcish Mines.
 10359 | D:10     | Entered Level 10 of the Dungeon
 10359 | D:10     | Noticed a two-headed ogre
 10359 | D:10     | Noticed a two-headed ogre
 10368 | D:10     | Killed a two-headed ogre
 10499 | D:10     | Found Syetuloo's General Store.
 10532 | D:10     | Reached XP level 11. HP: 92/92 MP: 23/26
 10679 | D:10     | Found a staircase to the Lair.
 10722 | D:10     | Found Iskeost's Antique Weapon Shoppe.
 10748 | D:10     | Found Wuqesec's Jewellery Shop.
 11178 | D:10     | Killed a two-headed ogre
 11429 | D:10     | Found Zekuawio's Jewellery Shop.
 11719 | D:10     | Acquired 557 gold pieces
 11777 | D:10     | Found Laadoafe's Armour Shop.
 12073 | D:10     | Reached skill level 10 in Spellcasting
 12097 | D:10     | Acquired spardeous's Discourse on Geometric Evolution
 12107 | D:10     | Learned a level 5 spell: Irradiate
 12206 | D:10     | Reached skill level 1 in Transmutations
 12267 | D:10     | Noticed a two-headed ogre
 12273 | D:10     | Killed a two-headed ogre
 12559 | D:11     | Noticed a two-headed ogre
 12566 | D:11     | Killed a two-headed ogre
 12567 | D:11     | Reached XP level 12. HP: 93/100 MP: 30/30
 12571 | D:11     | Reached skill level 5 in Transmutations
 12633 | D:11     | Found a frozen archway.
 12647 | D:11     | Found a portal to a secret trove of treasure.
 12663 | IceCv    | Entered an ice cave
 12689 | IceCv    | Learned a level 5 spell: Borgnjor's Vile Clutch
 12758 | IceCv    | Reached skill level 1 in Necromancy
 12758 | IceCv    | Reached skill level 1 in Earth Magic
 13372 | D:11     | Acquired 699 gold pieces
 13376 | D:11     | Acquired 692 gold pieces
 13809 | Lair:1   | Entered Level 1 of the Lair of Beasts
 15005 | D:10     | Bought a +0 pair of boots for 45 gold pieces
 15198 | Lair:2   | Found a hole to the Spider Nest.
 15206 | Lair:2   | Reached skill level 5 in Necromancy
 15206 | Lair:2   | Reached skill level 5 in Earth Magic
 16437 | Lair:3   | Noticed a four-headed hydra
 16444 | Lair:3   | Killed a four-headed hydra
 16726 | Lair:3   | Noticed an eight-headed hydra
 16734 | Lair:3   | Killed an eight-headed hydra
 16835 | Lair:3   | Reached XP level 13. HP: 106/106 MP: 28/31
 17924 | Lair:3   | Found a staircase to the Swamp.
 18268 | Lair:3   | Identified the staff of conjuration "Vicym" {rF- Will++
                  | Int+2 Stlth+}
 18423 | Lair:4   | Identified the ring of Qubru {Will+ EV+5}
 18775 | Lair:4   | Noticed Urug
 18784 | Lair:4   | Killed Urug
 19141 | Lair:4   | Noticed Josephine
 19148 | Lair:4   | Killed Josephine
 19425 | Lair:5   | Entered Level 5 of the Lair of Beasts
 19589 | Lair:5   | Found a staircase to the Slime Pits.
 20022 | Lair:5   | Reached skill level 10 in Conjurations
 20915 | Lair:5   | Reached XP level 14. HP: 96/113 MP: 24/32
 21216 | Lair:5   | Identified the +10 ring mail of the Flute {rCorr}
 21218 | Lair:5   | Got the Secrets of Filth and Displacement
 21703 | Orc:1    | Entered Level 1 of the Orcish Mines
 21782 | Orc:1    | Found Xuathit's Book Shop.
 21794 | Orc:1    | Bought a manual of Armour for 1120 gold pieces
 21876 | Orc:1    | Noticed an orc warlord
 21880 | Orc:1    | Reached skill level 5 in Armour
 22237 | Orc:1    | Killed an orc warlord
 22682 | Orc:2    | Entered Level 2 of the Orcish Mines
 22741 | Orc:2    | Noticed Azrael
 22751 | Orc:2    | Killed Azrael
 23081 | Orc:2    | Found Gapydwup's Antique Armour Boutique.
 23122 | Orc:2    | Noticed Donald
 23138 | Orc:2    | Killed Donald
 23373 | Orc:2    | Found Unteluno's Antique Armour Emporium.
 23394 | Orc:2    | Reached skill level 10 in Armour
 23698 | Orc:2    | Found a staircase to the Elven Halls.
 23709 | Orc:2    | Reached skill level 1 in Shields
 23983 | Orc:2    | Noticed an orc warlord
 24027 | Orc:2    | Killed an orc warlord
 24262 | Orc:2    | Found Huhaj's Antique Armour Emporium.
 24264 | Orc:2    | Found Ceer's Antique Weapon Shoppe.
 24481 | Orc:2    | Gained mutation: You do not regenerate when monsters are
                  | visible. [a neqoxec]
 24566 | Orc:2    | Found Seocuh's General Store.
 24925 | Swamp:1  | Entered Level 1 of the Swamp
 24932 | Swamp:1  | Noticed a fenstrider witch
 24969 | Swamp:1  | Killed a fenstrider witch
 24973 | Swamp:1  | Noticed a thorn hunter
 25044 | Swamp:1  | Killed a thorn hunter
 25199 | Swamp:1  | Reached skill level 5 in Shields
 25594 | Orc:2    | Bought a pair of embroidered boots for 202 gold pieces
 25594 | Orc:2    | Bought a pair of glowing boots for 202 gold pieces
 25613 | Orc:2    | Lost mutation: You do not regenerate when monsters are
                  | visible. [potion of mutation]
 25613 | Orc:2    | Gained mutation: You sometimes lose your temper in combat.
                  | [potion of mutation]
 25613 | Orc:2    | Gained mutation: You are robust. (+10% HP) [potion of
                  | mutation]
 25613 | Orc:2    | Gained mutation: You have a pair of small antennae on your
                  | head. [potion of mutation]
 25835 | Swamp:1  | HP: 6/124 [swamp dragon] (9)]
 25835 | Swamp:1  | HP: 1/124 [poisoned by a swamp dragon (poison gas)]
 25836 | Swamp:1  | Succumbed to a swamp dragon's poison gas

Illustrated notes

Levels and vault maps discovered:
D:1:      dpeg_arrival_ratfight, layout_loops_corners, basic_ecumenical_altar
D:2:      layout_basic
D:3:      layout_loops_ring, hellmonk_ghost_happy_afterlife,
          portal_sewer_entry_e
D:4:      cheibrodos_old_hovel, layout_layer_cave
D:5:      layout_cave_pools, xom_teletrap_fun, minmay_temple_entry_glassed_door,
          glass_columns_a
D:6:      layout_cave_pods, nemelex_diamond_rough_becter
D:7:      layout_rooms, kiku_gazebo_pond_becter, minmay_ruffians
D:8:      layout_basic, mainiacjoe_overflow_alcove_4,
          grunt_temple_overflow_order_and_chaos_2, kennysheep_mini_moat
D:9:      layout_basic, mainiacjoe_overflow_tiny_flanked,
          nicolae_ru_the_path_less_chosen, orc_david_3, enter_bailey_5
D:10:     minmay_bubble_buster, layout_basic, ashenzari_altar_1,
          lemuel_crystal_altar, nicolae_yredelemnul_corpse_copse, serial_shops,
          nicolae_shop_stone, shop, shop, shop_fountains,
          nicolae_shop_gaudy_bauble, minivault_7
D:11:     layout_loops_ring, portal_ice_cave_entry_pillars_1,
          nicolae_trove_entry_crossroad
Lair:1:   layout_cave_pods, serial_bayou_ford_a
Lair:2:   layout_misc_corridors, hellmonk_spider_entry_not_the_bees,
          lemuel_fruit_tree
Lair:3:   layout_hall_layers, skrybe_swamp_entry_bodies, minmay_lindwurm_lava
Lair:4:   layout_loops_ring, minmay_hedge_maze, st_stairs_6,
          nicolae_lair_liquid_snakes, uniq_josephine, uniq_urug
Lair:5:   minmay_lair_end_frog_pond, layout_regular_city, slime_entry_1
Swamp:1:  layout_falls_marsh, hangedman_swamp_ruin_hall,
          infiniplex_staircase_pool
Orc:1:    layout_caves, serial_shops, shop
Orc:2:    grunt_orc_community_town_hall, layout_caves,
          grunt_orc_community_big_house_1, grunt_orc_community_big_house_2,
          grunt_orc_community_house_3, grunt_orc_community_house_3,
          grunt_orc_community_house_1, grunt_orc_community_house_3,
          serial_shops, shop, kennysheep_orc_sif_temple, uniq_azrael,
          uniq_donald

Skill      XL: |  1  2  3  4  5  6  7  8  9 10 11 12 13 14 |
---------------+-------------------------------------------+-----
Conjurations   | 4 8 10 | 10.0
Spellcasting   | 2 3 4 6 7 10 | 10.1
Fighting       | 4 7 |  7.6
Armour         | 4 10 | 10.3
Translocations | 8 9 |  9.1
Transmutations | 4 5 |  5.3
Necromancy     | 6 9 |  9.1
Earth Magic    | 6 9 |  9.1
Shields        | 5 |  5.6
Dodging        | |  1.7
Stealth        | |  1.7

Action                     |  1- 3 |  4- 6 |  7- 9 | 10-12 | 13-15 || total
---------------------------+-------+-------+-------+-------+-------++-------
  Melee: Staff             |       |       |     2 |    12 |    24 ||    38
   Cast: Magic Dart        |    54 |    98 |    74 |   113 |    14 ||   353
         Searing Ray       |    11 |    12 |    63 |    86 |     1 ||   173
         Iskenderun's Myst |       |       |       |   250 |   335 ||   585
         Borgnjor's Vile C |       |       |       |       |    46 ||    46
         Irradiate         |       |       |       |       |     3 ||     3
    Use: Scroll            |       |     7 |     5 |    13 |     5 ||    30
         Potion            |       |       |       |       |     6 ||     6
 Armour: Leather armour    |     4 |     7 |       |       |       ||    11
         Troll leather arm |       |    30 |    63 |   181 |    67 ||   341
         Ring mail         |       |       |       |       |    67 ||    67
  Dodge: Dodged            |    14 |    71 |    92 |   194 |   207 ||   578
